 Dungeon Crawl Stone Soup version 0.27.1-34-g3ba077fa99 (webtiles) character file.

Game seed: 1580382574996963138

3036 Jake the Conjurer (level 9, -2/64 HPs)
             Began as a Black Draconian Conjurer on Jan 5, 2022.
             Was an Initiate of Ru.
             Slain by a gnoll shaman (4 damage)
             ... on level 8 of the Dungeon.
             The game lasted 00:50:29 (8861 turns).

Jake the Conjurer (Black Draconian Conjurer)        Turns: 8861, Time: 00:50:30

Health: -2/64      AC: 10    Str: 12    XL:     9   Next: 56%
Magic:  21/28      EV:  6    Int: 18    God:    Ru [......]
Gold:   600        SH:  0    Dex:  9    Spells: 3/20 levels left

rFire    . . .     SeeInvis .   (no weapon)
rCold    . . .     Faith    .   (no shield)
rNeg     . . .     Spirit   .   (armour unavailable)
rPois    .         Reflect  .   (helmet restricted)
rElec    +         Harm     .   (no cloak)
rCorr    +         Rampage  .   (no gloves)
Will     .....                  l - +2 pair of boots
Stlth    +.........             (no amulet)
HPRegen  0.20/turn              d - ring of resist corrosion
MPRegen  0.21/turn              j - ring of magical power

@: lit by a corona, short of breath, held, glowing
A: breathe lightning, AC +7, unfitting armour, electricity resistance,
cold-blooded, dopey 1, high mp 1
a: Breathe Lightning, Renounce Religion


You were on level 8 of the Dungeon.
You worshipped Ru.
Ru was noncommittal.
You visited 2 branches of the dungeon, and saw 9 of its levels.

You collected 712 gold pieces.
You spent 112 gold pieces at shops.

Inventory:

Missiles
 r - 7 curare-tipped darts (quivered)
 s - 2 atropa-tipped darts
Armour
 l - a +2 pair of boots (worn)
Jewellery
 d - a ring of resist corrosion (left hand)
 j - a ring of magical power (right hand)
Wands
 a - a wand of flame (4)
 f - a wand of iceblast (2)
 p - a wand of mindburst (11)
Scrolls
 e - a scroll of vulnerability
 h - a scroll of teleportation
 o - a scroll of brand weapon
 q - a scroll of magic mapping {unknown}
Potions
 b - a potion of degeneration {unknown}
 c - a potion of mutation
 g - a potion of berserk rage {unknown}
 t - a potion of attraction {unknown}


   Skills:
 + Level 1.5 Fighting
 + Level 4.8 Throwing
 + Level 2.8 Dodging
 + Level 3.6 Stealth
 + Level 6.1 Spellcasting
 + Level 7.9 Conjurations
 + Level 2.5 Hexes
 * Level 2.6 Necromancy
 * Level 2.4 Translocations
 * Level 2.1 Fire Magic
 * Level 2.2 Air Magic
 + Level 1.8 Evocations


You had 3 spell levels left.
You knew the following spells:

 Your Spells              Type           Power      Damage    Failure   Level
a - Magic Dart            Conj           100%       1d8       1%          1
b - Searing Ray           Conj           68%        3d5       1%          2
c - Fulminant Prism       Conj/Hex       12%        3d9       14%         4
d - Iskenderun's Mystic   Conj/Tloc      24%        2d7       14%         4
e - Foxfire               Conj/Fire      92%        2x1d8     1%          1
f - Corpse Rot            Necr/Air       N/A        N/A       7%          2
g - Mephitic Cloud        Conj/Pois/Air  17%        N/A       9%          3

Your spell library contained the following spells:

 Spells                   Type           Power      Damage    Failure   Level
 Conjure Flame            Conj/Fire      23%        6-21      4%          3
 Dazzling Flash           Conj/Hex       48%        N/A       4%          3
 Poisonous Vapours        Pois/Air       18%        N/A       12%         2
 Gell's Gravitas          Tloc           7%         N/A       13%         3
 Teleport Other           Tloc           14%        N/A       13%         3
 Inner Flame              Hex/Fire       14%        N/A       14%         3
 Ignite Poison            Fire/Tmut/Pois 8%         N/A       26%         3
 Bolt of Magma            Conj/Fire/Erth 8%         4d6       63%         5
 Freezing Cloud           Conj/Ice/Air   8%         6-21      63%         5
 Dispersal                Tloc           7%         N/A       100%        6


Dungeon Overview and Level Annotations

Branches:
Dungeon (8/15)             Temple (1/1) D:6
   Lair: D:8-11

Altars:
Ashenzari
Dithmenos
Fedhas
Hepliaklqana
Kikubaaqudgha
Nemelex Xobeh
Qazlal
Ru
Uskayaw
Vehumet
Wu Jian
Xom
Yredelemnul
The Shining One

Shops:
D:4 :   D:6 *


Innate Abilities, Weirdness & Mutations

You can breathe wild blasts of lightning.
Your glossy black scales are hard. (AC +7)
You cannot fit into any form of body armour.
You are resistant to electric shocks. (rElec)
You are cold-blooded and may be slowed by cold attacks.
You are dopey. (Int -2)
You have an increased reservoir of magic. (+10% MP)


Message History

The white imp barely misses you.
The ogre hits you with a +0 giant spiked club!
* * * LOW HITPOINT WARNING * * *
The gnoll hits you but does no damage.
Your fulminant prism crackles loudly.
You feel better. The white imp hits you.
* * * LOW HITPOINT WARNING * * *
The white imp freezes you.
You feel yourself slow down.
* * * LOW HITPOINT WARNING * * *
The gnoll hits you with a +2 vorpal flail.
* * * LOW HITPOINT WARNING * * *
x2 Your fulminant prism explodes!
The blast of energy engulfs the gnoll!!
You kill the gnoll!
The blast of energy engulfs the ogre!
You kill the ogre!
The blast of energy engulfs the gnoll!
You kill the gnoll!
The blast of energy engulfs the gnoll!!
You kill the gnoll!
The blast of energy engulfs the gnoll shaman!
The gnoll shaman is almost dead.
You hear a shout! x2
Your Air Magic skill increases to level 2!
Okay, then.
It was a potion of mutation.
You feel extremely strange.
You feel more energetic.
You feel stupid.
The white imp hits you but does no damage. x2
The gnoll shaman hits you but does no damage.
Okay, then.
As you read the scroll of holy word, it crumbles to dust.
You speak a Word of immense power!
The white imp convulses!
You kill the white imp!
You feel yourself speed up.
The gnoll shaman calls down the wrath of its god upon you.
You are outlined in light.
As you read the scroll of summoning, it crumbles to dust.
Wisps of shadow whirl around you...
The gnoll shaman hits you with a +0 club.
You die...

...# .. ...[#..
..... ....
#.### . #...#
.>. ##...##
..g..##..)J<###
..g..).(.o))@Y#
#....##...)g..#
#### ##..o.###
#.o..# ###....
#o..#. #..## #
#.## ..


You could see a gnoll shaman (ally target), a friendly ice beast (summoned), a
friendly jelly (summoned) and 4 friendly orcs.

Vanquished Creatures
  Duvessa (D:7)
  A troll (D:6)
  A hornet (D:6)
  An acid dragon (D:7)
  An ice beast (D:6)
  An orc warrior (D:6)
  4 ogres
  3 centaurs
  A scorpion (D:6)
  2 bullfrogs
  A gnoll sergeant (D:8)
  A wyvern skeleton (D:6)
  A water moccasin zombie (D:6)
  6 hounds
  A centaur skeleton (D:6)
  An orc priest (D:6)
  2 gnoll shamans (D:6)
  A jelly (D:6)
  A bullfrog skeleton (D:6)
  5 iguanas
  4 orc wizards
  2 hound skeletons
  8 adders
  16 gnolls
  2 white imps
  A dart slug (D:2)
  11 orcs
  9 bats
  4 endoplasms
  3 giant cockroaches
  11 goblins
  A hobgoblin (D:2)
  4 kobolds
  6 quokkas
  7 ball pythons
  3 frilled lizards
  7 rats
135 creatures vanquished.

Vanquished Creatures (collateral kills)
  Sigmund (D:5)
  Edmund (D:5)
  A water moccasin (D:7)
  Dowan (D:7)
4 creatures vanquished.

Vanquished Creatures (others)
  An orc wizard (D:4)
  26 fulminant prisms
  9 fungi
  4 plants
40 creatures vanquished.

Grand Total: 179 creatures vanquished

Notes
Turn   | Place    | Note
-------+----------+-------------------------------------------
     0 | D:1      | Jake the Draconian Conjurer began the quest for the Orb.
     0 | D:1      | Reached XP level 1. HP: 14/14 MP: 3/3
   331 | D:1      | Reached XP level 2. HP: 20/20 MP: 3/5
   334 | D:1      | Learned a level 2 spell: Searing Ray
   716 | D:1      | Found a faded altar of an unknown god.
   899 | D:1      | Reached XP level 3. HP: 22/26 MP: 0/6
  1197 | D:2      | Reached skill level 5 in Conjurations
  1328 | D:2      | Reached skill level 1 in Throwing
  1328 | D:2      | Reached XP level 4. HP: 33/33 MP: 1/7
  1695 | D:2      | Found a broken altar of Ashenzari.
  2175 | D:3      | Found a radiant altar of Vehumet.
  2259 | D:3      | Learned a level 4 spell: Fulminant Prism
  2433 | D:3      | Found a sparkling altar of Nemelex Xobeh.
  2590 | D:3      | Reached XP level 5. HP: 36/39 MP: 8/8
  3322 | D:4      | Reached XP level 6. HP: 46/46 MP: 9/9
  3361 | D:4      | Found Xauv's Book Boutique.
  3693 | D:4      | Learned a level 4 spell: Iskenderun's Mystic Blast
  3765 | D:4      | Found a hide-covered altar of Uskayaw.
  4221 | D:5      | Entered Level 5 of the Dungeon
  4399 | D:5      | Noticed Edmund
  4400 | D:5      | Your scales start taking on a glossy black colour.
  4400 | D:5      | Reached XP level 7. HP: 51/51 MP: 5/11
  4400 | D:5      | Gained mutation: You are resistant to electric shocks.
                  | (rElec) [Black Draconian growth]
  4405 | D:5      | Noticed Sigmund
  4426 | D:5      | Killed Edmund
  4426 | D:5      | HP: 2/51 [spore (19)]
  4427 | D:5      | Reached skill level 6 in Conjurations
  4433 | D:5      | Killed Sigmund
  4434 | D:5      | Reached skill level 1 in Fighting
  4756 | D:5      | Learned a level 1 spell: Foxfire
  5349 | D:6      | Found Xemap's Assorted Antiques.
  5357 | D:6      | Bought a scroll labelled UDIKIR ULIXY for 28 gold pieces
  5357 | D:6      | Bought a scroll labelled ZYET JUSEE for 28 gold pieces
  5357 | D:6      | Bought a scroll of identify for 56 gold pieces
  5460 | D:6      | Noticed a hornet
  5473 | D:6      | Killed a hornet
  5474 | D:6      | Reached skill level 1 in Hexes
  5474 | D:6      | Reached XP level 8. HP: 53/59 MP: 14/14
  5581 | D:6      | Reached skill level 5 in Spellcasting
  5581 | D:6      | Reached skill level 7 in Conjurations
  5592 | D:6      | Noticed a troll
  5600 | D:6      | Killed a troll
  5776 | D:6      | Learned a level 2 spell: Corpse Rot
  6037 | D:6      | Reached skill level 1 in Evocations
  6057 | D:6      | Reached skill level 1 in Fire Magic
  6060 | D:6      | Reached skill level 1 in Translocations
  6060 | D:6      | Reached XP level 9. HP: 40/64 MP: 10/17
  6215 | D:6      | Reached skill level 1 in Necromancy
  6462 | D:6      | Found a shimmering altar of Xom.
  6797 | D:6      | Found a stormy altar of Qazlal.
  6838 | D:6      | Found a staircase to the Ecumenical Temple.
  6884 | Temple   | Entered the Ecumenical Temple
  6897 | Temple   | Became a worshipper of Ru the Awakened
  7630 | D:7      | Reached skill level 1 in Air Magic
  7839 | D:7      | Learned a level 3 spell: Mephitic Cloud
  7946 | D:7      | Noticed Duvessa
  7946 | D:7      | Noticed Dowan
  7965 | D:7      | Killed Dowan
  7988 | D:7      | Killed Duvessa
  8096 | D:7      | Identified the +1 scale mail "Plog" {-Tele Drain rCorr
                  | Dex+5}
  8123 | D:7      | Found a glowing golden altar of the Shining One.
  8858 | D:8      | HP: 3/64 [white imp (5)]
  8858 | D:8      | HP: 1/64 [gnoll (1)]
  8859 | D:8      | Gained mutation: You have an increased reservoir of magic.
                  | (+10% MP) [potion of mutation]
  8859 | D:8      | Gained mutation: You are dopey. (Int -2) [potion of
                  | mutation]
  8861 | D:8      | Slain by a gnoll shaman

Illustrated notes

Levels and vault maps discovered:
D:1:      dpeg_arrival_round_b, layout_basic,
          dreamdust_ecumenical_altar_hidden_monk_grotto
D:2:      layout_loops_ring, basic_altar, nrook_loot_triangle,
          kennysheep_generic_room_6
D:3:      layout_rooms, mainiacjoe_overflow_small_starburst,
          mainiacjoe_overflow_boulevard, hangedman_decor_push,
          minmay_misc_feat_tower, kennysheep_generic_room_14
D:4:      layout_basic, lemuel_doored_altar, serial_shops, shop_statue
D:5:      layout_cave_pods, hex_medium, sigmund_edmund_badplayer
D:6:      minmay_polygon_palace, layout_basic, mainiacjoe_overflow_catwalk,
          mainiacjoe_overflow_alcove_2, minmay_temple_entry_proselytizer,
          serial_shops, nicolae_shop_temple_entry_statues_fountains,
          corexii_shack
D:7:      layout_basic, nicolae_tso_carved_into_rock, serial_rivers,
          chequers_serial_rivers_micro_c, chequers_serial_rivers_small_a,
          chequers_serial_rivers_marsh, chequers_serial_rivers_large_a,
          chequers_serial_rivers_large_b, chequers_serial_rivers_micro_e,
          uniq_duvessa
D:8:      lemuel_castle_with_subvaults [lemuel_castle_interior_carwin_1],
          layout_cave_pools, general_overflow_altar, kennysheep_little_box,
          led_sif_pool, lair_entry_dummy
Temple:   jpeg_temple_island

Skill      XL: |  1  2  3  4  5  6  7  8  9 |
---------------+----------------------------+-----
Conjurations   | 5 6 7 |  7.9
Dodging        | 2 |  2.8
Throwing       | 1 2 3 4 |  4.8
Stealth        | 2 3 |  3.6
Spellcasting   | 3 4 5 6 |  6.1
Fighting       | 1 |  1.5
Hexes          | 1 2 |  2.5
Evocations     | 1 |  1.8
Fire Magic     | 1 2 |  2.1
Translocations | 1 2 |  2.4
Necromancy     | 2 |  2.6
Air Magic      | 2 |  2.2

Action                   |  1- 3 |  4- 6 |  7- 9 || total
-------------------------+-------+-------+-------++-------
Throw: Dart              |    30 |    33 |     7 ||    70
 Cast: Magic Dart        |    16 |       |     3 ||    19
       Searing Ray       |    15 |    33 |    21 ||    69
       Fulminant Prism   |       |     8 |    18 ||    26
       Iskenderun's Myst |       |       |     3 ||     3
 Abil: Breathe Lightning |       |       |    11 ||    11
Evoke: Wand              |       |       |    16 ||    16
  Use: Scroll            |     1 |     1 |    14 ||    16
       Potion            |       |       |     6 ||     6
Armor: Skin              |     7 |     4 |    17 ||    28
Dodge: Dodged            |    10 |    14 |    50 ||    74
